 Dungeon Crawl Stone Soup version 0.29-a0-100-g60f898f876 (webtiles) character file.

Game seed: 17027191384333088775

370 Hubjo the Covert (level 6, 0/39 HPs)
             Began as a Vampire Enchanter on Feb 14, 2022.
             Killed from afar by an orc wizard (6 damage)
             ... with a puff of flame
             ... on level 4 of the Dungeon.
             The game lasted 00:07:26 (3124 turns).

Hubjo the Covert (Vampire Enchanter)                Turns: 3124, Time: 00:07:27

Health: 0/39       AC:  3    Str:  7    XL:     6   Next: 42%
Magic:  12/12      EV: 15    Int: 17    God:
Gold:   124        SH:  0    Dex: 17    Spells: 8/13 levels left

rFire   + . .      SeeInvis +   a - +1 dagger
rCold   + + +      Faith    .   (no shield)
rNeg    + + +      Spirit   .   b - +0 robe
rPois   ∞          Reflect  .   (no helmet)
rElec   .          Harm     .   j - scarf {rC+ rF+}
rCorr   .          Rampage  .   d - +0 pair of gloves
Will    .....                   (no boots)
Stlth   +++++++...              (no amulet)
HPRegen 0.00/turn               (no ring)
MPRegen 0.13/turn               (no ring)

@: mighty, bloodless, inhibited regen
A: bloodless, fangs 3, see invisible, vampiric 2
a: Bat Form, Revivify


You were on level 4 of the Dungeon.
You visited 1 branch of the dungeon, and saw 4 of its levels.

You collected 124 gold pieces.

Inventory:

Hand Weapons
 a - a +1 dagger (weapon)
Armour
 b - a +0 robe (worn)
 d - a +0 pair of gloves (worn)
 j - a scarf of resistance (worn)
Magical Staves
 e - a staff of fire
Scrolls
 f - a scroll of immolation {unknown}
 h - 2 scrolls of vulnerability
 i - a scroll of blinking {unknown}
 m - a scroll of enchant weapon {unknown}
 n - a scroll of torment {unknown}
Potions
 c - a potion of invisibility
 k - a potion of magic {unknown}
 l - a potion of curing


   Skills:
 * Level 4.4 Fighting
 + Level 4.9 Short Blades
 + Level 5.5 Dodging
 * Level 11.4 Stealth
 - Level 4.2 Spellcasting
 + Level 7.9 Hexes


You had 8 spell levels left.
You knew the following spells:

 Your Spells              Type           Power      Damage    Failure   Level
a - Ensorcelled Hibernat  Hex/Ice        34%        N/A       4%          2
b - Tukima's Dance        Hex            30%        N/A       1%          3

Your spell library contained the following spells:

 Spells                   Type           Power      Damage    Failure   Level
 Slow                     Hex            100%       N/A       1%          1
 Confusing Touch          Hex            30%        N/A       1%          3
 Dazzling Flash           Conj/Hex       34%        N/A       9%          3
 Portal Projectile        Hex/Tloc       34%        N/A       9%          3
 Leda's Liquefaction      Hex/Erth       8%         N/A       30%         4
 Call Canine Familiar     Summ           3%         N/A       43%         3
 Frozen Ramparts          Ice            6%         1d2       43%         3
 Gell's Gravitas          Tloc           3%         N/A       43%         3
 Teleport Other           Tloc           3%         N/A       43%         3
 Metabolic Englaciation   Hex/Ice        8%         N/A       63%         5
 Yara's Violent Unravell  Hex/Tmut       8%         3d5       63%         5
 Hailstorm                Conj/Ice       3%         3d3       83%         4
 Enfeeble                 Hex            15%        N/A       99%         7
 Dispersal                Tloc           1%         N/A       100%        6


Dungeon Overview and Level Annotations

Branches:
Dungeon (4/15)
 Temple: D:4-7

Altars:
Yredelemnul


Innate Abilities, Weirdness & Mutations

You do not regenerate when monsters are visible.
You are frail without blood (-20% HP).
You can heal yourself when you bite living creatures.
You are immune to poison.
You have razor-sharp teeth.
You have supernaturally acute eyesight. (SInv)
You are afflicted with vampirism and can become a bat while bloodless.


Message History

You hit the phantom.
The phantom is lightly damaged.
The phantom closely misses you.
You barely miss the phantom.
The phantom is lightly damaged.
You hit the phantom but do no damage.
The phantom is lightly damaged.
The phantom hits you.
You hit the phantom. You bite the phantom!
The phantom is severely damaged.
The phantom closely misses you.
You puncture the phantom!
The phantom is almost destroyed.
The phantom barely misses you.
You puncture the phantom!
You destroy the phantom!
You puncture the goblin!
You kill the goblin!
You puncture the gnoll!
The gnoll is severely wounded.
The gnoll misses you.
You hit the gnoll.
The gnoll is almost dead.
You closely miss the gnoll.
The gnoll is almost dead.
The gnoll hits you with a +0 flail.
You are too injured to fight recklessly!
You are too injured to fight recklessly!
You are too injured to fight recklessly!
You are too injured to fight recklessly!
You are too injured to fight recklessly!
You closely miss the gnoll.
The gnoll is almost dead.
The gnoll hits you with a +0 flail!
* * * LOW HITPOINT WARNING * * *
You barely miss the gnoll. You bite the gnoll.
You kill the gnoll!
The orc wizard casts a spell at you. The puff of flame hits you. You resist.
You die...

#.........##...§§§.≈≈.
##.........##...§§..§≈§
...........g.[..§§.8.§.
######.#######.....§..§
### #..# #g.......# ...
##.# #.o####### #.# #.#
##.### #..# #<#
#####o..######..# #.#
#..@)o...##.)..# #.#
##.#####.)..#### #.# #.
#....# #.# #.###
#.#..#### #.# #...#
#.......# ## #.#
###.###..####..# ...#
#.# #.##...# .#
#...#.### #.#..#.##.. .
#.....####.#.......#


You could see an orc wizard (invisible) and an orc.

Vanquished Creatures
  A phantom (D:4)
  A howler monkey (D:4)
  2 gnolls (D:4)
  8 adders
  A worm (D:3)
  2 dart slugs
  2 orcs (D:4)
  12 ball pythons
  3 endoplasms
  3 giant cockroaches
  5 goblins
  6 hobgoblins
  4 jackals (D:2)
  4 quokkas
  4 bats
  3 frilled lizards
  4 kobolds (D:1)
  5 rats
70 creatures vanquished.

Notes
Turn   | Place    | Note
-------+----------+-------------------------------------------
     0 | D:1      | Hubjo the Vampire Enchanter began the quest for the Orb.
     0 | D:1      | Reached XP level 1. HP: 13/13 MP: 3/3
   234 | D:1      | Reached XP level 2. HP: 15/20 MP: 5/5
   421 | D:1      | Reached skill level 5 in Stealth
   889 | D:1      | Reached skill level 1 in Fighting
   956 | D:2      | Gained mutation: You are afflicted with vampirism and can
                  | become a bat while bloodless. [Vampire growth]
   956 | D:2      | Reached XP level 3. HP: 16/26 MP: 6/6
   959 | D:2      | Learned a level 2 spell: Ensorcelled Hibernation
  1389 | D:2      | Found a faded altar of an unknown god.
  1705 | D:2      | Learned a level 3 spell: Tukima's Dance
  1830 | D:3      | Reached XP level 4. HP: 33/33 MP: 7/7
  1843 | D:3      | Got Cadgh's Compendium of Beguiling and Ice
  1949 | D:3      | Reached skill level 6 in Stealth
  1964 | D:3      | Reached skill level 5 in Hexes
  2089 | D:3      | Reached skill level 5 in Dodging
  2089 | D:3      | Reached skill level 11 in Stealth
  2089 | D:3      | Reached XP level 5. HP: 42/42 MP: 7/11
  2933 | D:4      | Reached XP level 6. HP: 38/38 MP: 12/12
  3072 | D:4      | Found a basalt altar of Yredelemnul.
  3124 | D:4      | Killed from afar by an orc wizard

Illustrated notes

Levels and vault maps discovered:
D:1:      dpeg_arrival_rooms_c, layout_loops_ring,
          chequers_serial_rivers_large_b
D:2:      layout_basic, shapermc_ecumenical_altar_mp_vishouse,
          hangedman_decor_riveting, grunt_decor_resistance
D:3:      layout_loops_cross, minmay_snake_closets
D:4:      layout_rooms, mainiacjoe_overflow_catwalk, grunt_ministairs_2

Skill      XL: |  1  2  3  4 |
---------------+-------------+-----
Stealth        | 5 11 | 11.4
Fighting       | 1 4 |  4.4
Hexes          | 7 |  7.9
Short Blades   | 4 |  4.9
Dodging        | 5 |  5.5
Spellcasting   | 4 |  4.2

Action                   |  1- 3 |  4- 6 || total
-------------------------+-------+-------++-------
Melee: Dagger            |   200 |    82 ||   282
       Bite              |    19 |    11 ||    30
       Punch             |       |     1 ||     1
 Abil: Exsanguinate      |       |     1 ||     1
  Use: Scroll            |       |     4 ||     4
       Potion            |       |     2 ||     2
 Stab: Sleeping          |    14 |    11 ||    25
Armor: Robe              |    55 |     5 ||    60
Dodge: Dodged            |   142 |    49 ||   191

Table legend: (Time is in decaauts)
 A = Elapsed time spent in this place.
 B = Non-inter-level travel time spent in this place.
 C = Inter-level travel time spent in this place.
 D = Time resting spent in this place.
 E = Time spent auto-exploring this place.
 F = Levels seen in this place.
 G = Mean time per level.
                   A        B        C        D        E       F      G
               +--------+--------+--------+--------+--------+-----+--------+
         Total |   3119 |   3047 |     72 |    166 |   2066 |   4 |  779.8 |
       Dungeon |   3119 |   3047 |     72 |    166 |   2066 |   4 |  779.8 |
               +--------+--------+--------+--------+--------+-----+--------+

Top non-repeatable levels by time:
     D:3: 1200 daAuts
     D:1: 942 daAuts
     D:2: 778 daAuts
     D:4: 197 daAuts
